 Dungeon Crawl Stone Soup version 0.26.0-7-g794d0892b4 (webtiles) character file.

Game seed: 16939499448016309107

166 Jerry the Slasher (level 5, -3/33 HPs)
             Began as a Tengu Abyssal Knight on Jan 11, 2021.
             Was a Believer of Lugonu.
             Slain by Crazy Yiuf
             ... wielding a +2 quarterstaff of chaos
              (10 damage)
             ... on level 3 of the Dungeon.
             The game lasted 00:07:55 (2627 turns).

Jerry the Slasher (Tengu Abyssal Knight)            Turns: 2627, Time: 00:07:56

Health: -3/33      AC:  5    Str: 11 (14) XL:     5   Next: 47%
Magic:  7/7        EV: 11    Int: 10 (12) God:    Lugonu [**....]
Gold:   135        SH:  0    Dex: 11 (13) Spells: 4/4 levels left

rFire    x . .     SeeInvis .   a - +1 falchion
rCold    + . .     Faith    .   (no shield)
rNeg     . . .     Spirit   .   b - +0 leather armour
rPois    .         Reflect  .   (helmet restricted)
rElec    .         Harm     .   m - +1 cloak
rCorr    .         Rampage  .   (no gloves)
Will     .....                  (boots unavailable)
Stlth    +.........             (no amulet)
HPRegen  0.11/turn              e - ring of ice
MPRegen  0.10/turn              (no ring)

@: lethally poisoned (-3 -> -12)
A: beak, talons 3, able to fly
a: Fly, Renounce Religion, Depart the Abyss, Bend Space


You were on level 3 of the Dungeon.
You worshipped Lugonu.
Lugonu was pleased with you.
You visited 1 branch of the dungeon, and saw 3 of its levels.
You visited the Abyss 1 time.

You collected 135 gold pieces.

Inventory:

Hand Weapons
 a - a +1 falchion (weapon)
 h - a +3 dagger
Missiles
 q - 10 poisoned darts
Armour
 b - a +0 leather armour (worn)
 m - a +1 cloak (worn)
Jewellery
 e - a ring of ice (left hand)
 o - an uncursed amulet of reflection
Scrolls
 d - a scroll of teleportation
 g - a scroll of magic mapping
 j - a scroll of immolation
 p - 3 scrolls of identify
Potions
 c - a potion of lignification
 i - 2 potions of heal wounds


   Skills:
 + Level 3.8 Fighting
 * Level 4.2 Long Blades
 + Level 3.2 Armour
 - Level 1.1 Dodging
 + Level 2.4 Invocations


You had 4 spell levels left.
You didn't know any spells.
Your spell library contained the following spells:

 Spells                   Type           Power        Failure   Level
 Magic Dart               Conj           0%           43%         1
 Blink                    Tloc           N/A          58%         2
 Call Imp                 Summ           0%           58%         2
 Slow                     Hex            0%           58%         2
 Conjure Flame            Conj/Fire      0%           82%         3
 Mephitic Cloud           Conj/Pois/Air  0%           82%         3


Dungeon Overview and Level Annotations

Branches:
Dungeon (3/15)

Altars:
Uskayaw

Annotations:
D:3 1 transporter, Crazy Yiuf; Sigmund; nojaa's ghost, amateur HOAK


Innate Abilities, Weirdness & Mutations

You have a beak for a mouth.
You have claws for feet.
You can fly continuously.


Message History

You barely miss Crazy Yiuf. Your peck misses Crazy Yiuf.
Crazy Yiuf barely misses you.
You hit Crazy Yiuf. You claw Crazy Yiuf. You peck Crazy Yiuf.
Crazy Yiuf is heavily wounded.
Crazy Yiuf hits you with a +2 quarterstaff of chaos!
You are electrocuted!
You barely miss Crazy Yiuf.
Crazy Yiuf is heavily wounded.
Crazy Yiuf hits you with a +2 quarterstaff of chaos.
You are lethally poisoned!
You hit Crazy Yiuf.
Crazy Yiuf is severely wounded.
* * * LOW HITPOINT WARNING * * *
You feel sick. Crazy Yiuf barely misses you.
You hit Crazy Yiuf. You claw Crazy Yiuf, but do no damage.
Crazy Yiuf is almost dead.
* * * LOW HITPOINT WARNING * * *
You feel sick.
Crazy Yiuf hits you with a +2 quarterstaff of chaos!
You die...

###...###....###..##
#### #....####...
#........... #####
#........... #)..#
#.........#. #...#
#.........#. ...
.........#. #g#
.........#. #@##
.........#. ##.#
#####...##. #.##
#...... ##.# #......
##.## #...... ##...#
#...... #.P.P#
#...... #....#
#...... #....#
#......


You could see Crazy Yiuf.

Vanquished Creatures
  Natasha (thrice) (D:2)
  4 adders
  An ooze (D:1)
  2 dart slugs (D:1)
  5 bats
  7 goblins
  6 hobgoblins
  5 jackals
  2 kobolds
  2 quokkas (D:2)
  5 frilled lizards
  10 rats
52 creatures vanquished.

Notes
Turn   | Place    | Note
-------+----------+-------------------------------------------
     0 | Abyss:1  | Jerry the Tengu Abyssal Knight began the quest for the Orb.
     0 | Abyss:1  | Reached XP level 1. HP: 14/14 MP: 3/3
    12 | Abyss:1  | Found a broken altar of Ashenzari.
    75 | Abyss:1  | Found a broken altar of Ashenzari.
    79 | D:1      | Escaped the Abyss
   226 | D:1      | Reached XP level 2. HP: 19/19 MP: 4/4
   515 | D:1      | Reached skill level 3 in Long Blades
   515 | D:1      | Reached XP level 3. HP: 22/23 MP: 5/5
  1046 | D:2      | Noticed Natasha
  1048 | D:2      | Reached ** piety under Lugonu
  1054 | D:2      | Killed Natasha
  1055 | D:2      | Reached XP level 4. HP: 21/28 MP: 6/6
  1085 | D:2      | Noticed Natasha
  1092 | D:2      | Killed Natasha
  1574 | D:2      | Gained mutation: You can fly continuously. [Tengu growth]
  1574 | D:2      | Reached XP level 5. HP: 33/33 MP: 7/7
  1927 | D:3      | Noticed nojaa's ghost (amateur HOAK)
  1928 | D:3      | Noticed Sigmund
  1958 | D:3      | Reached skill level 4 in Long Blades
  2127 | D:2      | Noticed Natasha
  2134 | D:2      | Killed Natasha
  2560 | D:3      | Noticed a +0 dagger
  2561 | D:3      | Found a transporter.
  2561 | D:3      | Found a hide-covered altar of Uskayaw.
  2561 | D:3      | Noticed a +0 dagger
  2617 | D:3      | Found a runed translucent door.
  2618 | D:3      | Noticed Crazy Yiuf
  2627 | D:3      | Slain by Crazy Yiuf

Illustrated notes

Levels and vault maps discovered:
D:1:      kilobyte_arrival_exit_the_forest, layout_rooms, minmay_heptomino_d4
D:2:      layout_loops_ring, uniq_natasha
D:3:      minmay_diamond_boxcup, layout_basic, dancing_weapons_uskayaw,
          gammafunk_ghost_stat_death, st_stairs_1, uniq_crazy_yiuf_cottage,
          uniq_sigmund

Skill      XL: |  1  2  3  4  5 |
---------------+----------------+-----
Long Blades    | 3 4 |  4.2
Invocations    | 2 |  2.4
Armour         | 3 |  3.2
Fighting       | |  3.8
Dodging        | |  1.1

Action                   |  1- 3 |  4- 6 || total
-------------------------+-------+-------++-------
Melee: Falchion          |    19 |    58 ||    77
       Kick              |    12 |    12 ||    24
       Peck              |     5 |     9 ||    14
       Dagger            |    32 |       ||    32
  Use: Scroll            |       |     5 ||     5
       Potion            |       |     5 ||     5
 Stab: Sleeping          |     1 |       ||     1
Armor: Leather armour    |     9 |    24 ||    33
Dodge: Dodged            |    33 |    42 ||    75
       Rpst.: Falchion   |     7 |    15 ||    22
